 Dungeon Crawl Stone Soup version 0.26-a0-490-gf8362a0c98 (webtiles) character file.

Game seed: 5648298934033292393

58 ANON1729 the Sneak (level 3, -9/31 HPs)
             Began as a Palentonga Delver on Aug 4, 2020.
             Splashed by a jelly's acid (10 damage)
             ... on level 5 of the Dungeon.
             The game lasted 00:03:45 (574 turns).

ANON1729 the Sneak (Palentonga Delver)               Turns: 574, Time: 00:03:46

Health: -9/31      AC: -4    Str: 16    XL:     3   Next: 75%
Magic:  3/3        EV:  7    Int: 14    God:
Gold:   0          SH:  0    Dex:  8    Spells: 2/2 levels left

rFire    + . .     SeeInvis +   a - +0 falchion
rCold    . . .     Faith    .   (no shield)
rNeg     . . .     Spirit   .   j - +2 scale mail "Ladorom" {rF+ Int+4 Dex-3}
rPois    .         Reflect  .   (no helmet)
rElec    .         Harm     .   (no cloak)
rCorr    .                      (no gloves)
MR       .....                  (boots restricted)
Stlth    +.........             (no amulet)
HPRegen  0.10/turn              (no ring)
MPRegen  0.08/turn              (no ring)

@: corroded
A: large, rugged brown scales 3, see invisible, deformed body, roll, armoured
tail
a: Rolling Charge


You were on level 5 of the Dungeon.
You visited 2 branches of the dungeon, and saw 2 of its levels.

Inventory:

Hand Weapons
 a - a +0 falchion (weapon)
Armour
 b - a +0 leather armour
 j - the +2 scale mail "Ladorom" (worn) {rF+ Int+4 Dex-3}
   (You found it on level 5 of the Dungeon)

   It affects your intelligence (+4).
   It affects your dexterity (-3).
   It protects you from fire.
Wands
 g - a wand of digging (3)
Scrolls
 c - a scroll of fog
 d - a scroll of magic mapping
 e - a scroll of fear
 h - a scroll of remove curse {unknown}
 i - a scroll of identify {unknown}


   Skills:
 + Level 3.5 Fighting
 + Level 2.6 Long Blades
 + Level 2.1 Dodging
 + Level 3.6 Stealth


You had 2 spell levels left.
You didn't know any spells.
Your spell library was empty.

Dungeon Overview and Level Annotations

Branches:
Dungeon (5/15)             Temple (1/1) D:5

Altars:
Cheibriados
Elyvilon
Makhleb
Nemelex Xobeh
Trog
Uskayaw
Wu Jian
Xom
The Shining One
Lugonu

Annotations:
D:5 exclusions: white imp and worker ant


Innate Abilities, Weirdness & Mutations

You are completely covered in rugged brown scales. (AC +3, +7% HP)
You have supernaturally acute eyesight. (SInv)
Armour fits poorly on your strangely shaped body.
You can roll at foes to attack.
You have a long armoured tail.


Message History

You hit the jelly.
Your hands burn!
The jelly is moderately wounded.
The jelly hits you but does no damage. The jelly barely misses you.
You hit the jelly.
Your hands burn!
The jelly is heavily wounded.
The jelly hits you. The acid corrodes you!
You are splashed with acid!
You hit the jelly.
Your hands burn!
The jelly is severely wounded.
The jelly hits you. The acid corrodes you!
You are splashed with acid!
* * * LOW HITPOINT WARNING * * *
You are too injured to fight recklessly!
The jelly jiggles.
There is a staircase to the Ecumenical Temple here.
Found a sedimented amethyst potion.
An ufetubus comes into view.
The ufetubus shouts!
The jelly hits you.
* * * LOW HITPOINT WARNING * * *
The acid corrodes you!
You are splashed with acid!
You die...

# ## #.###.## #.#....#
#.#@5# ## # #...J# .##
###.#..#.# #..##
........###....#
.....#...#...# #..
!.....#.....# ....
####...#####.>.#####..$.
#.. ......#.....#.......
#.# .<...#...#...#......


You could see a jelly and an ufetubus.

Vanquished Creatures
  A water moccasin skeleton (D:5)
  A white imp (D:5)
2 creatures vanquished.

Notes
Turn   | Place    | Note
-------+----------+-------------------------------------------
     0 | D:5      | ANON1729 the Palentonga Delver began the quest for the Orb.
     0 | D:5      | Reached XP level 1. HP: 19/19 MP: 1/1
    29 | D:5      | Noticed a worker ant
    73 | D:5      | Found a staircase to the Ecumenical Temple.
    74 | D:5      | Noticed a jelly
   111 | D:5      | Got an ichor-stained scale mail
   122 | D:5      | Identified the +2 scale mail "Ladorom" {rF+ Int+4 Dex-3}
                  | (You found it on level 5 of the Dungeon)
   163 | D:5      | Reached XP level 2. HP: 5/25 MP: 2/2
   163 | D:5      | Reached XP level 3. HP: 6/31 MP: 3/3
   331 | Temple   | Entered the Ecumenical Temple
   574 | D:5      | HP: 1/31 [jelly (3)]
   574 | D:5      | Splashed by a jelly's acid

Illustrated notes

Levels and vault maps discovered:
D:5:      layout_basic, minmay_temple_entry_arrows, serial_shops, shop_statue,
          uniq_pikel
Temple:   corrupted_temple

Skill      XL: |  1 |
---------------+----+-----
Dodging        | 2 |  2.1
Fighting       | |  3.5
Long Blades    | |  2.6
Stealth        | |  3.6

Action                   || total
-------------------------++-------
Melee: Falchion          ||    28
       Tailslap          ||     2
 Abil: Rolling Charge    ||     1
  Use: Potion            ||     1
Armor: Scale mail        ||    12
Dodge: Dodged            ||     9
       Rpst.: Falchion   ||     1

Table legend: (Time is in decaauts)
 A = Elapsed time spent in this place.
 B = Non-inter-level travel time spent in this place.
 C = Inter-level travel time spent in this place.
 D = Time resting spent in this place.
 E = Time spent auto-exploring this place.
 F = Levels seen in this place.
 G = Mean time per level.
                   A        B        C        D        E       F      G
               +--------+--------+--------+--------+--------+-----+--------+
         Total |    560 |    531 |     29 |    323 |     88 |   2 |  280.0 |
       Dungeon |    342 |    325 |     17 |    136 |     71 |   1 |  342.0 |
        Temple |    218 |    206 |     12 |    187 |     17 |   1 |  218.0 |
               +--------+--------+--------+--------+--------+-----+--------+

Top non-repeatable levels by time:
     D:5: 342 daAuts
  Temple: 218 daAuts
